 Dungeon Crawl Stone Soup version 0.23-a0-756-g517b432 (webtiles) character file.

151251 nikopol the Severer (level 17, -4/156 HPs)
             Began as a Minotaur Berserker on Jan 16, 2019.
             Was the Champion of Trog.
             Slain by a shambling mangrove (8 damage)
             ... on level 2 of the Swamp on Jan 18, 2019.
             The game lasted 01:10:58 (26276 turns).

nikopol the Severer (Minotaur Berserker)           Turns: 26276, Time: 01:10:59

Health: -4/156     AC: 23    Str: 25    XL:     17   Next: 0%
Magic:  7/7        EV: 13    Int:  4    God:    Trog [******]
Gold:   1816       SH:  3    Dex: 14    Spells: 16/16 levels left

rFire    + + +     SeeInvis .   a - +4 battleaxe (flame)
rCold    . . .     Gourm    .   (shield currently unavailable)
rNeg     + . .     Faith    .   A - +4 chain mail "Zoymadom" {*Drain rElec rF++ rCorr}
rPois    +         Spirit   .   (helmet restricted)
rElec    +         Reflect  +   o - +2 cloak
rCorr    +         Harm     .   t - +1 pair of gloves
MR       +....                  L - +0 pair of boots of Disappointment {rElec rF++ MR-}
Stlth    ..........             F - +3 amulet of reflection
HPRegen  0.36/turn              B - ring of Noqajiq {rPois rN+ MP-9 EV+3}
MPRegen  0.10/turn              k - ring of protection from magic

@: grasped by roots, constricted, studying Shields
A: retaliatory headbutt, horns 2
a: Berserk, Trog's Hand, Brothers in Arms, Renounce Religion


You were on level 2 of the Swamp.
You worshipped Trog.
Trog was exalted by your worship.
You were not hungry.

You visited 4 branches of the dungeon, and saw 25 of its levels.
You also visited: Bailey and Volcano.

You collected 2767 gold pieces.
You spent 951 gold pieces at shops.

Inventory:

Hand Weapons
 a - a +4 battleaxe of flaming (weapon)
 z - a +6 longbow of freezing
Missiles
 m - 490 arrows
Armour
 o - a +2 cloak (worn)
 t - a +1 pair of gloves (worn)
 A - the +4 chain mail "Zoymadom" (worn) {*Drain rElec rF++ rCorr}
   (You bought it in a shop on level 2 of the Orcish Mines)

   It greatly protects you from fire.
   It insulates you from electricity.
   It provides partial protection from all sources of acid and corrosion.
   It causes draining when unequipped.
 D - a scarf of cloud immunity
 L - the +0 pair of boots of Disappointment (worn) {rElec rF++ MR-}
   (You found it on level 11 of the Dungeon)

   It greatly protects you from fire.
   It insulates you from electricity.
   It affects your resistance to hostile enchantments.
Jewellery
 k - a ring of protection from magic (right hand)
 u - the ring of Psychosis {rCorr rPois Str-4 SInv}
   (You bought it in a shop on level 9 of the Dungeon)

   [ring of resist corrosion]

   It affects your strength (-4).
   It protects you from poison.
   It lets you see invisible.
 B - the ring of Noqajiq (left hand) {rPois rN+ MP-9 EV+3}
   (You bought it in a shop on level 9 of the Dungeon)

   [ring of evasion]

   It affects your evasion (+3).
   It protects you from poison.
   It protects you from negative energy.
   It affects your magic capacity (-9).
 F - a +3 amulet of reflection (around neck)
 G - an uncursed ring of flight
Wands
 b - a wand of flame (82)
 e - a wand of acid (7)
 l - a wand of enslavement (7)
 v - a wand of polymorph (16)
 R - a wand of paralysis (20)
 U - a wand of disintegration (12)
 W - a wand of clouds (5)
Scrolls
 d - 4 scrolls of enchant armour
 j - a scroll of silence
 q - 9 scrolls of remove curse
 s - 11 scrolls of teleportation
 H - 4 scrolls of magic mapping
 I - 2 scrolls of fear
 K - 2 scrolls of brand weapon
 N - 2 scrolls of vulnerability
 O - 5 scrolls of identify
 Q - a scroll of fog
 Z - a scroll of summoning
Potions
 f - 4 potions of agility
 h - 9 potions of heal wounds
 i - 12 potions of curing
 n - 6 potions of lignification
 p - 3 potions of mutation
 r - 6 potions of haste
 C - a potion of resistance
 J - 3 potions of might
 M - 4 potions of invisibility
 S - a potion of cancellation
 V - a potion of ambrosia
Books
 w - a manual of Shields
Comestibles
 c - 54 rations
 g - 4 chunks of flesh


   Skills:
 + Level 15.2 Fighting
 * Level 20.5 Axes
   Level 2.0(14.1) Maces & Flails
 * Level 18.4 Bows
 + Level 10.1 Armour
 + Level 8.7 Dodging
 + Level 3.4 Stealth
 - Level 2.7 Shields
 + Level 0.1 Evocations


You had 16 spell levels left.
You didn't know any spells.
Your spell library was empty.

Dungeon Overview and Level Annotations

Branches:
Dungeon (15/15)            Temple (0/1) D:5            Lair (6/6) D:10
  Swamp (2/4) Lair:4       Spider (0/4) Lair:2        Slime (0/5) Lair:6
    Orc (2/2) D:12            Elf (0/3) Orc:2        Vaults (0/5) D:13
 Depths (0/5) D:15

Altars:
Cheibriados
Dithmenos
Elyvilon
Fedhas
Hepliaklqana
Makhleb
Nemelex Xobeh
Okawaru
Qazlal
Trog
Uskayaw
Wu Jian
Xom
Zin
The Shining One
Beogh
Jiyva

Shops:
D:7 (   D:8 }   D:9 ==   D:10 (   Orc:1 (   Orc:2 (==[

Annotations:
D:13 exclusion: obsidian statue


Innate Abilities, Weirdness & Mutations

You reflexively headbutt those who attack you in melee.
You have a pair of horns on your head.


Message History

You slash the shambling mangrove! You burn the shambling mangrove.
The shambling mangrove hits you but does no damage.
The grasping roots constrict you.
You slash the shambling mangrove! You burn the shambling mangrove.
You headbutt the shambling mangrove, but do no damage.
The shambling mangrove is severely damaged.
Your chain mail "Zoymadom" prevents you from hitting the shambling mangrove.
The shambling mangrove is severely damaged.
The shambling mangrove hits you!
* * * LOW HITPOINT WARNING * * *
x2 The grasping roots constrict you.
A bog body comes into view.
Your chain mail "Zoymadom" prevents you from hitting the shambling mangrove.
The shambling mangrove is severely damaged.
You hit the shambling mangrove. You burn the shambling mangrove.
You headbutt the shambling mangrove, but do no damage.
The shambling mangrove is severely damaged.
The shambling mangrove hits you!!
* * * LOW HITPOINT WARNING * * *
You die...

♣♣..♣.....≈≈...♣♣
♣.≈.§
♣.♣♣♣♣.≈≈≈≈≈.≈♣.♣
♣.<.. ♣.♣♣
♣♣≈.≈≈≈≈..♣♣
♣.≈≈≈ ♣♣
♣♣≈≈≈.≈≈.♣♣ ♣.≈≈≈
♣≈....≈≈§♣ ♣$♣≈≈
♣♣.≈≈.≈≈≈♣♣♣ ≈.
≈≈ ♣♣≈≈≈≈≈..≈♣♣♣
..≈ ≈≈
♣♣.≈≈≈†(≈..♣♣♣
§≈. ≈≈
♣♣..≈.@≈(((≈§≈
.≈≈? ♣≈
♣..≈♣≈f)≈≈≈≈≈≈
♣♣..≈≈≈≈≈.(..≈≈
♣....######.≈≈≈
♣♣.≈≈.# ≈≈≈
♣≈(≈..# n.
♣♣≈....# .
♣♣.≈.)≈♣#
♣♣..≈...♣


You could see a shambling mangrove and a bog body.

Vanquished Creatures
  Rupert (Orc:2)
  A storm dragon (D:13)
  A thorn hunter (Swamp:2)
  Kirke (D:13)
  A stone giant (Orc:2)
  Nessos (D:14)
  The ghost of KennyOmg the Severer, a journeyman MiBe of Trog (Lair:4)
  The ghost of Exirev the Spear-Bearer, a journeyman MfIE of Makhleb (Lair:4)
  Josephine (D:13)
  7 ogre magi
  2 vault guards (D:13)
  8 hydras
  5 catoblepae
  The ghost of Rhok the Severer, a novice HOGl of Okawaru (D:8)
  7 centaur warriors
  6 alligators
  28 two-headed ogres
  5 death yaks (Lair:6)
  A titan zombie (D:15)
  An orc high priest (Orc:2)
  A sun demon (Volcano)
  7 skeletal warriors (D:15)
  2 swamp dragons (Swamp:1)
  2 unseen horrors
  2 lindwurms
  A wolf spider zombie (D:15)
  A phantasmal warrior (D:15)
  2 orc knights
  13 ugly things
  3 orc sorcerers
  3 necromancers
  6 manticores
  3 cyclopes
  A stone giant zombie (D:15)
  10 elephants
  A fire giant skeleton (D:15)
  5 black mambas
  2 molten gargoyles (Volcano)
  4 gargoyles
  13 spiny frogs
  A rime drake (Lair:4)
  13 komodo dragons
  4 yaktaurs
  A jumping spider (shapeshifter) (D:13)
  2 queen bees
  6 meliai
  6 trolls
  3 polar bears
  6 hornets
  A jumping spider (Lair:2)
  3 slime creatures (D:15)
  4 blink frogs (Lair:1)
  3 bog bodies (Swamp:1)
  6 tyrant leeches
  7 dream sheep (Lair:6)
  11 hippogriffs
  Sigmund (D:2)
  A redback (Lair:2)
  4 spriggans
  4 shadows
  46 yaks
  18 humans (D:13)
  2 wraiths
  4 hogs (D:13)
  11 vampire mosquitoes
  4 wyverns
  4 fire bats
  A steam dragon (D:13)
  9 basilisks
  Grum (Lair:1)
  5 hungry ghosts
  2 wargs (Orc:2)
  A tengu zombie (D:15)
  6 insubstantial wisps (Swamp:1)
  2 swamp worms
  12 water moccasins
  2 acid dragons
  3 hell hounds (Volcano)
  7 porcupines
  24 orc warriors
  A hornet zombie (D:11)
  2 ice beasts
  3 swamp drakes
  3 black bears
  2 eyes of draining (D:11)
  7 sky beasts
  2 necrophages
  8 wolves (Lair:1)
  37 ogres
  8 centaurs
  6 phantoms
  16 crocodiles
  3 big kobolds
  A wyvern zombie (D:13)
  14 bullfrogs
  6 scorpions
  46 killer bees
  3 wights (D:11)
  5 howler monkeys
  A centaur zombie (D:7)
  4 bullfrog zombies
  11 crimson imps
  6 lava snakes
  9 jellies
  4 centaur skeletons
  2 orc priests (Orc:2)
  9 iguanas
  4 bullfrog skeletons
  6 hounds
  8 orc wizards
  8 worker ants
  A killer bee zombie (D:6)
  A hound zombie (D:7)
  7 gnolls
  2 worker ant zombies
  15 adders
  5 shadow imps
  8 oozes
  4 adder skeletons
  6 leopard geckos
  63 orcs
  2 ball pythons
  5 bats
  4 giant cockroaches
  9 hobgoblins
  9 jackals
  21 kobolds
  4 quokkas
  3 frilled lizards
  8 goblins
  A jackal skeleton (D:8)
  2 leopard gecko skeletons
  A quokka skeleton (D:4)
  4 rats
  8 fungi
  8 plants
859 creatures vanquished.

Vanquished Creatures (collateral kills)
  2 death yaks (Lair:6)
  A manticore (Lair:6)
  A harpy skeleton (D:13)
  3 wraiths (D:13)
  A vampire mosquito (D:13)
  A killer bee (D:13)
9 creatures vanquished.

Vanquished Creatures (others)
  An unseen horror (D:12)
  A hippogriff (D:12)
  A yak (Lair:6)
  3 humans (D:13)
  8 fungi
  6 plants
  3 withered plants (D:15)
23 creatures vanquished.

Grand Total: 891 creatures vanquished

Notes
Turn   | Place    | Note
-------+----------+-------------------------------------------
     0 | D:1      | nikopol the Minotaur Berserker began the quest for the Orb.
     0 | D:1      | Reached XP level 1. HP: 19/19 MP: 0/0
   401 | D:1      | Reached skill level 4 in Axes
   401 | D:1      | Reached XP level 2. HP: 27/27 MP: 1/1
   614 | D:1      | Found a glowing golden altar of the Shining One.
   674 | D:2      | Found an iron altar of Okawaru.
   924 | D:2      | Noticed Sigmund
   949 | D:2      | Killed Sigmund
   949 | D:2      | Reached skill level 5 in Fighting
   949 | D:2      | Reached skill level 5 in Axes
   949 | D:2      | Reached XP level 3. HP: 22/36 MP: 2/2
   949 | D:2      | Reached XP level 4. HP: 25/42 MP: 3/3
   949 | D:2      | Reached XP level 5. HP: 29/48 MP: 4/4
  1152 | D:2      | Found a burning altar of Makhleb.
  1364 | D:2      | Reached ** piety under Trog
  1487 | D:3      | HP: 2/72 [iguana (12)]
  1814 | D:3      | Reached skill level 1 in Stealth
  1814 | D:3      | Reached XP level 6. HP: 56/56 MP: 5/5
  2389 | D:4      | Reached skill level 6 in Axes
  2496 | D:4      | You fall through a shaft!
  2496 | D:5      | Entered Level 5 of the Dungeon
  2722 | D:5      | Reached XP level 7. HP: 63/63 MP: 6/6
  2754 | D:4      | Reached *** piety under Trog
  2775 | D:4      | Reached skill level 7 in Axes
  2883 | D:4      | Found a hide-covered altar of Uskayaw.
  3301 | D:5      | Found a staircase to the Ecumenical Temple.
  3365 | D:5      | Found a shadowy altar of Dithmenos.
  3436 | D:5      | Reached skill level 8 in Axes
  3466 | D:5      | Reached skill level 5 in Dodging
  3466 | D:5      | Reached XP level 8. HP: 66/71 MP: 7/7
  3818 | D:6      | Found a blossoming altar of Fedhas.
  3849 | D:6      | Found a blossoming altar of Fedhas.
  3945 | D:6      | Reached skill level 9 in Axes
  4271 | D:6      | Found a glowing silver altar of Zin.
  4273 | D:6      | Found a bloodstained altar of Trog.
  4273 | D:6      | Found a sparkling altar of Nemelex Xobeh.
  4274 | D:6      | Found an ornate altar of the Wu Jian Council.
  4658 | D:7      | Reached **** piety under Trog
  4669 | D:7      | Reached skill level 5 in Armour
  4685 | D:7      | Reached skill level 10 in Axes
  4685 | D:7      | Reached XP level 9. HP: 67/79 MP: 8/8
  4700 | D:7      | Got a transparent rapier
  4744 | D:7      | Identified the +8 rapier of Laceration {venom, rC- Int+7}
                  | (You found it on level 7 of the Dungeon)
  5036 | D:7      | Found a stormy altar of Qazlal.
  5174 | D:7      | Found Qemuubli's Antique Weapon Shop.
  5177 | D:7      | Bought a glowing shortbow for 150 gold pieces
  5422 | D:8      | Reached skill level 11 in Axes
  5437 | D:8      | Found a runed gate.
  5437 | D:8      | Found a runed gate.
  5437 | D:8      | Found a runed gate.
  5437 | D:8      | Noticed Rhok's ghost (novice HOGl)
  5459 | D:8      | Reached skill level 1 in Bows
  5471 | D:8      | Found Xallyich's Gadget Emporium.
  5514 | D:8      | Found a flagged portal.
  5530 | Bailey   | Entered a bailey
  5700 | Bailey   | Reached skill level 12 in Axes
  5822 | Bailey   | Reached ***** piety under Trog
  5822 | Bailey   | Reached XP level 10. HP: 70/88 MP: 9/9
  5916 | Bailey   | Noticed an orc knight
  5937 | Bailey   | Killed an orc knight
  5937 | Bailey   | Reached skill level 5 in Bows
  6323 | D:8      | Found a white marble altar of Elyvilon.
  6472 | D:8      | Found a shimmering altar of Xom.
  6473 | D:8      | Found a hazy altar of Hepliaklqana.
  6635 | D:8      | Killed Rhok's ghost
  6821 | D:9      | Received a gift from Trog
  6913 | D:9      | Found Veb Jyuf's Jewellery Boutique.
  6926 | D:9      | Bought the ring of Psychosis {rCorr rPois Str-4 SInv} for
                  | 297 gold pieces
  7189 | D:9      | Found Joex's Jewellery Emporium.
  7201 | D:9      | Bought the ring of Noqajiq {rPois rN+ MP-9 EV+3} for 210
                  | gold pieces
  7773 | D:9      | Reached skill level 13 in Axes
  7988 | D:10     | Entered Level 10 of the Dungeon
  8031 | D:10     | Reached XP level 11. HP: 81/95 MP: 1/10
  8366 | D:10     | Found a staircase to the Lair.
  8503 | D:10     | Noticed a green ugly thing
  8514 | D:10     | Killed a green ugly thing
  8559 | D:10     | Found Nuonaong's Antique Weapon Boutique.
  8685 | D:10     | Found a snail-covered altar of Cheibriados.
  8714 | D:10     | Reached skill level 14 in Axes
  9077 | D:11     | Reached skill level 10 in Bows
  9077 | D:11     | Reached XP level 12. HP: 106/106 MP: 2/11
  9098 | D:11     | Received a gift from Trog
  9289 | D:11     | Reached skill level 15 in Axes
  9495 | D:11     | Reached skill level 10 in Fighting
  9501 | D:11     | Got a pair of warped boots
  9507 | D:11     | Identified the cursed +0 pair of boots of Disappointment
                  | {rElec rF++ MR-} (You found it on level 11 of the Dungeon)
  9604 | D:11     | Noticed a four-headed hydra
  9610 | D:11     | Killed a four-headed hydra
  9804 | Lair:1   | Entered Level 1 of the Lair of Beasts
  9807 | Lair:1   | Noticed Grum
  9819 | Lair:1   | Killed Grum
 10281 | Lair:1   | Received a gift from Trog
 11009 | Lair:2   | Reached XP level 13. HP: 114/114 MP: 3/12
 11384 | Lair:2   | Found a hole to the Spider Nest.
 12277 | Lair:3   | Reached skill level 16 in Axes
 12813 | Lair:4   | Found a runed gate.
 12813 | Lair:4   | Found a runed gate.
 12814 | Lair:4   | Found a runed gate.
 12825 | Lair:4   | Noticed KennyOmg's ghost (journeyman MiBe)
 12827 | Lair:4   | Noticed Exirev's ghost (journeyman MfIE)
 12841 | Lair:4   | Killed KennyOmg's ghost
 12848 | Lair:4   | Killed Exirev's ghost
 13060 | Lair:4   | Got a warped ring mail
 13071 | Lair:4   | Identified the +2 ring mail of Jiruhudd {Slay+3} (You found
                  | it on level 4 of the Lair of Beasts)
 13206 | Lair:4   | Found a staircase to the Swamp.
 13760 | Lair:5   | Received a gift from Trog
 14621 | Lair:6   | Entered Level 6 of the Lair of Beasts
 14670 | Lair:6   | Found a dark tunnel.
 14734 | Volcano  | Entered a volcano
 15087 | Volcano  | Found a bloodstained altar of Trog.
 15106 | Volcano  | Reached ****** piety under Trog
 15206 | Volcano  | Reached XP level 14. HP: 126/126 MP: 4/13
 15348 | Lair:6   | Received a gift from Trog
 15348 | Lair:6   | Reached skill level 1 in Maces & Flails
 15349 | Lair:6   | Got a faintly glowing halberd {god gift}
 15350 | Lair:6   | Lost intelligence.
 15350 | Lair:6   | Identified the +7 halberd of Desperation {elec, rN+++ MR+
                  | Int-4 Stlth+} (Trog gifted it to you on level 6 of the Lair
                  | of Beasts)
 15833 | Lair:6   | Reached skill level 17 in Axes
 16859 | Lair:6   | Reached skill level 15 in Bows
 16974 | Lair:6   | Received a gift from Trog
 17022 | Lair:6   | Found a runed door.
 17022 | Lair:6   | Found a viscous altar of Jiyva.
 17023 | Lair:6   | Found a staircase to the Slime Pits.
 17407 | D:12     | Received a gift from Trog
 17451 | D:12     | Reached skill level 18 in Axes
 17478 | D:12     | Received a gift from Trog
 17545 | D:12     | Upgraded the game from 0.23-a0-726-g9fa1570 to
                  | 0.23-a0-756-g517b432
 18308 | D:12     | Found a staircase to the Orcish Mines.
 18535 | Orc:1    | Entered Level 1 of the Orcish Mines
 18574 | Orc:1    | Found a roughly hewn altar of Beogh.
 18705 | Orc:2    | Entered Level 2 of the Orcish Mines
 18760 | Orc:2    | Reached XP level 15. HP: 112/135 MP: 5/14
 18782 | Orc:2    | Received a gift from Trog
 19019 | Orc:2    | Found a staircase to the Elven Halls.
 19027 | Orc:2    | Found Juhanent's Antique Armour Shop.
 19027 | Orc:2    | Found Assat's Jewellery Emporium.
 19092 | Orc:2    | Reached skill level 19 in Axes
 19160 | Orc:2    | Found Qihain's Jewellery Emporium.
 19161 | Orc:2    | Found Rajibbao's Antique Weapon Boutique.
 19173 | Orc:2    | Bought a distressingly furry chain mail for 294 gold pieces
 19183 | Orc:2    | Identified the +4 chain mail "Zoymadom" {*Drain rElec rF++
                  | rCorr} (You bought it in a shop on level 2 of the Orcish
                  | Mines)
 19397 | Orc:2    | Noticed Rupert
 19405 | Orc:2    | Killed Rupert
 20028 | Orc:1    | Found Big Lant's Antique Weapon Boutique.
 20324 | D:13     | Noticed Josephine
 20335 | D:13     | Killed Josephine
 20347 | D:13     | Received a gift from Trog
 20784 | D:13     | Received a gift from Trog
 20901 | D:13     | Received a gift from Trog
 20906 | D:13     | Got a jewelled longbow {god gift}
 20907 | D:13     | Identified the +8 longbow of Spite {flame, Fragile rC+
                  | Str+4} (Trog gifted it to you on level 13 of the Dungeon)
 20924 | D:13     | Noticed a storm dragon
 20934 | D:13     | Killed a storm dragon
 21302 | D:13     | Noticed Kirke
 21318 | D:13     | Killed Kirke
 21851 | D:13     | Found a gate to the Vaults.
 21896 | D:13     | Reached XP level 16. HP: 136/146 MP: 6/15
 22289 | D:14     | Received a gift from Trog
 22366 | D:14     | Found a bloodstained altar of Trog.
 22816 | D:14     | Noticed Nessos
 22832 | D:14     | Killed Nessos
 23214 | D:15     | Entered Level 15 of the Dungeon
 23269 | D:15     | Received a gift from Trog
 23302 | D:15     | Reached skill level 20 in Axes
 23415 | D:15     | Received a gift from Trog
 23453 | D:15     | Paralysed by an ogre mage for 4 turns
 23771 | D:15     | Found a staircase to the Depths.
 23812 | D:15     | Reached skill level 1 in Shields
 24311 | D:15     | Reached skill level 15 in Fighting
 24992 | Swamp:1  | Entered Level 1 of the Swamp
 25582 | Swamp:1  | Identified a scroll of acquirement
 25584 | Swamp:1  | Got a smoking shield
 25649 | Swamp:1  | Received a gift from Trog
 26094 | Swamp:2  | Reached skill level 10 in Armour
 26114 | Swamp:2  | Noticed a thorn hunter
 26119 | Swamp:2  | Killed a thorn hunter
 26272 | Swamp:2  | Reached XP level 17. HP: 47/156 MP: 7/16
 26276 | Swamp:2  | HP: 4/156 [shambling mangrove (29)]
 26276 | Swamp:2  | Slain by a shambling mangrove

Vault maps used:
D:1:      lightli_arrival_statuegarden, tso_altar
D:2:      kennysheep_okawaru_gauntlet, lightli_temple_of_fire, first_ration,
          serial_curves, eino_curves_02, eino_curves_04, uniq_sigmund
D:4:      lemuel_round_altar, minmay_quantized
D:5:      lemuel_crystal_altar, minmay_temple_entry_nine_rooms
D:6:      grunt_temple_overflow_open, overflow_temple_1_default,
          fedhas_ov_isle_minmay
D:7:      minmay_the_grid_octo_2x2, grunt_qazlal_sundering, serial_shops,
          nicolae_shop_behind_doors, kennysheep_small_spiral, grunt_ogre_cave,
          minmay_misc_feat_x
D:8:      regret_index_temple_of_mockery, serial_shops, shop,
          ebering_ghost_rock_garden, enter_bailey_3, elyvilon_altar_5
D:9:      minmay_inner_zag, serial_shops, nicolae_shop_trees,
          minmay_shop_enchanted_jewellery
D:10:     erik_lair_dragon, serial_shops, nicolae_shop_stone, basic_altar,
          kennysheep_generic_room_13
D:12:     wad_guarded_room, orc_0_dummy
D:13:     regret_index_tunnel_blossom, grunt_vaults_entry_tiered,
          minmay_protected_statue, uniq_josephine, uniq_kirke
D:14:     special_room, trog_ov_bears_minmay, uniq_nessos
D:15:     gammafunk_depths_entry_grave, roderic_three_in_a_row,
          chequers_serial_rivers_room_a
Lair:1:   beast_lair_carwin_large_2, lemuel_fruit_tree, uniq_grum
Lair:2:   spider_nest_entry_a, patterned_corridor
Lair:4:   swamp_mist, gammafunk_ghost_cemetery
Lair:5:   grunt_megastairs_3
Lair:6:   evilmike_catoblepas_cave, slime_altar_2, nicolae_volcano_entry_hallway
Swamp:1:  hangedman_swamp_ruin_hall
Swamp:2:  evilmike_swamp_ruin_house_6
Orc:1:    serial_shops, shop, basic_altar
Orc:2:    st_orc_ogre_mass, uniq_rupert
Bailey:   bailey_polearm_2, bailey
Volcano:  volcano_lake

Skill      XL: |  1  2  3  4  5  6  7  8  9 10 11 12 13 14 15 16 |
---------------+-------------------------------------------------+-----
Axes           | 4 5 6 8 10 12 13 14 15 16 18 19 20 | 20.5
Fighting       | 5 6 7 8 9 10 12 13 14 15 | 15.2
Armour         | 3 5 6 7 8 9 10 | 10.1
Dodging        | 3 4 5 6 7 8 |  8.7
Stealth        | 1 2 3 |  3.4
Bows           | 4 8 10 11 14 15 16 18 | 18.4
Maces & Flails | 2 |  2.0
Shields        | 2 |  2.7
Evocations     | |  0.1

Action                   |  1- 3 |  4- 6 |  7- 9 | 10-12 | 13-15 | 16-18 || total
-------------------------+-------+-------+-------+-------+-------+-------++-------
Melee: Hand axe          |    55 |   107 |   221 |       |       |       ||   383
       Headbutt          |     7 |    24 |    51 |    40 |   142 |    75 ||   339
       Battleaxe         |       |       |    80 |   219 |   566 |   241 ||  1106
       Great mace        |       |       |       |       |     2 |       ||     2
       Longbow           |       |       |       |       |       |     1 ||     1
 Fire: Shortbow          |       |       |    58 |   279 |   650 |       ||   987
       Longbow           |       |       |       |       |   210 |   260 ||   470
Invok: Berserk           |     1 |     2 |       |     3 |     6 |     1 ||    13
       Brothers in Arms  |       |       |       |       |     2 |       ||     2
Evoke: Wand              |       |       |       |       |       |     2 ||     2
  Use: Scroll            |       |       |    10 |    10 |     6 |    12 ||    38
       Potion            |       |       |       |     1 |     1 |       ||     2
 Stab: Sleeping          |       |     1 |       |       |       |       ||     1
       Distracted        |       |       |       |       |     1 |       ||     1
       Petrified         |       |       |       |       |     1 |       ||     1
       Confused          |       |       |       |       |       |     1 ||     1
  Eat: Chunk             |       |     8 |    11 |    19 |    36 |    11 ||    85
       Ration            |       |       |       |       |     1 |     1 ||     2
Armor: Animal skin       |     7 |    16 |       |       |       |       ||    23
       Quicksilver drago |       |     6 |   124 |    52 |   128 |       ||   310
       Chain mail        |       |       |       |       |    76 |   116 ||   192
Dodge: Dodged            |    35 |    72 |   157 |   143 |   427 |   180 ||  1014
Block: Other             |       |       |       |       |       |    27 ||    27
       Reflection        |       |       |       |       |       |     6 ||     6

Table legend:
 A = Non-vault XP
 B = Vault XP
 C = Vault XP percentage of total XP
 D = Non-vault monster count
 E = Vault monster count
 F = Vault count percentage of total count
                 A         B        C        D         E       F
            +---------+---------+-------+---------+---------+-------
      Total |  120467 |   82751 |  40.7 |     570 |     285 |  33.3
            +---------+---------+-------+---------+---------+-------
        D:1 |      17 |       0 |   0.0 |       9 |       0 |   0.0
        D:2 |      59 |     231 |  79.7 |      19 |       1 |   5.0
        D:3 |     158 |       0 |   0.0 |      20 |       0 |   0.0
        D:4 |     416 |       9 |   2.1 |      23 |       3 |  11.5
        D:5 |     560 |       0 |   0.0 |      19 |       0 |   0.0
        D:6 |     971 |       0 |   0.0 |      15 |       0 |   0.0
        D:7 |     524 |     717 |  57.8 |      15 |      14 |  48.3
        D:8 |     826 |     947 |  53.4 |      14 |       5 |  26.3
        D:9 |    2119 |     343 |  13.9 |      29 |       6 |  17.1
       D:10 |    3882 |     961 |  19.8 |      31 |       7 |  18.4
       D:11 |    3624 |       0 |   0.0 |      32 |       0 |   0.0
       D:12 |    5050 |    4112 |  44.9 |      38 |      17 |  30.9
       D:13 |    9303 |   22514 |  70.8 |      27 |      84 |  75.7
       D:14 |    6812 |    3789 |  35.7 |      15 |      18 |  54.5
       D:15 |   26220 |    4790 |  15.4 |      54 |       8 |  12.9
     Lair:1 |    4199 |    1912 |  31.3 |      22 |       9 |  29.0
     Lair:2 |    3303 |     506 |  13.3 |      15 |       2 |  11.8
     Lair:3 |    6888 |       0 |   0.0 |      22 |       0 |   0.0
     Lair:4 |    3961 |    2279 |  36.5 |      14 |       2 |  12.5
     Lair:5 |    5260 |     621 |  10.6 |      18 |       1 |   5.3
     Lair:6 |    9568 |   11235 |  54.0 |      32 |      29 |  47.5
    Swamp:1 |   11341 |       0 |   0.0 |      31 |       0 |   0.0
    Swamp:2 |    9493 |       0 |   0.0 |      19 |       0 |   0.0
      Orc:1 |     268 |       0 |   0.0 |       5 |       0 |   0.0
      Orc:2 |    5645 |   21646 |  79.3 |      32 |      38 |  54.3
     Bailey |       0 |    2211 | 100.0 |       0 |      26 | 100.0
    Volcano |       0 |    3928 | 100.0 |       0 |      15 | 100.0
            +---------+---------+-------+---------+---------+-------
